 Dungeon Crawl Stone Soup version 0.30.0-10-gfe55d96785 (webtiles) character file.

Game seed: 4301088694567387390

80 DenSaoPin the Insei (level 4, 0/32 HPs)
             Began as a Merfolk Transmuter on May 16, 2023.
             Slain by a goblin
             ... wielding a +0 club
             ... led by Robin
              (4 damage)
             ... on level 3 of the Dungeon.
             The game lasted 00:16:07 (1623 turns).

DenSaoPin the Insei (Merfolk Transmuter)            Turns: 1623, Time: 00:16:08

Health: 0/32       AC:  2    Str: 12    XL:     4   Next: 39%
Magic:  7/7        EV: 12    Int: 12    God:
Gold:   86         SH:  0    Dex: 14    Spells: 6/7 levels left

rFire   . .          .
                       - Unarmed
rCold   . . .        (no shield)
rNeg    . . .        a - +0 robe
rPois   .            (no helmet)
rElec   .            (no cloak)
rCorr   .            (no gloves)
SInv    .            (no boots)
Will    .....        (no amulet)
Stlth   +            (no ring)
HPRegen 0.25/turn    (no ring)
MPRegen 0.10/turn

%: no passive effects
@: no status effects
A: (nimble swimmer 2), mertail
a: no special abilities


You were on level 3 of the Dungeon.
You visited 1 branch of the dungeon, and saw 3 of its levels.

You collected 86 gold pieces.

Inventory:

Armour
 a - a +0 robe (worn)
 m - a +0 helmet
Scrolls
 c - 2 scrolls of magic mapping {unknown}
 d - 2 scrolls of noise {unknown}
 e - a scroll of teleportation {unknown}
 h - a scroll of fog {unknown}
 l - 2 scrolls of identify {unknown}
Potions
 b - a potion of lignification
 f - 2 potions of berserk rage {unknown}
 g - 2 potions of resistance {unknown}
 i - a potion of haste
 j - 4 potions of might {unknown}
 k - 2 potions of mutation {unknown}


   Skills:
 - Level 1.1 Fighting
 + Level 2.8 Dodging
 * Level 4.9 Unarmed Combat
 + Level 2.0 Spellcasting
 + Level 3.9 Transmutations


You had 6 spell levels left.
You knew the following spells:

 Your Spells              Type           Power      Damage    Failure   Level
a - Beastly Appendage     Tmut           20%        N/A       5%          1

Your spell library contained the following spells:

 Spells                   Type           Power      Damage    Failure   Level
 Wereblood                Tmut           10%        N/A       9%          2
 Passwall                 Tmut/Erth      5%         N/A       19%         2
 Spider Form              Tmut/Pois      6%         N/A       34%         3
 Ensorcelled Hibernation  Hex/Ice        2%         N/A       38%         2
 Poisonous Vapours        Pois/Air       2%         N/A       38%         2
 Call Canine Familiar     Summ           1%         N/A       63%         3
 Mephitic Cloud           Conj/Pois/Air  1%         N/A       63%         3
 Portal Projectile        Hex/Tloc       2%         N/A       63%         3
 Swiftness                Air            1%         N/A       63%         3
 Ice Form                 Ice/Tmut       6%         N/A       75%         4
 Leda's Liquefaction      Hex/Erth       0%         N/A       95%         4
 Freezing Cloud           Conj/Ice/Air   0%         6-21      100%        5


Dungeon Overview and Level Annotations

Branches:
Dungeon (3/15)

Altars:

Annotations:
D:3 Robin


Innate Abilities, Weirdness & Mutations

((You are very nimble when in or above water. (Stealth+, EV+, Speed+++)))
Your lower body shifts to a powerful aquatic tail in water.


Message History

You kill the goblin!
Robin throws the goblin at you!
You hit the goblin. Your punch misses the goblin.
The goblin is heavily wounded.
The goblin hits you with a +1 spectral quarterstaff.
The goblin hits you with a +0 club.
* * * LOW HITPOINT WARNING * * *
You hit the goblin.
You kill the goblin!
Robin throws the goblin at you! The goblin barely misses you.
The goblin hits you with a +0 club.
* * * LOW HITPOINT WARNING * * *
You hit the goblin.
You kill the goblin!
The goblin hits you with a +0 club.
* * * LOW HITPOINT WARNING * * *
Items here: )))) †††.
Robin roars a battlecry!
The goblins go into a battle-frenzy!
Your horns disappear.
The goblin attacks as you move away! The goblin completely misses you.
The goblin attacks as you move away! The goblin hits you with a +0 club.
* * * LOW HITPOINT WARNING * * *
Robin throws the goblin at you! The goblin barely misses you.
The goblin closely misses you.
Robin roars a battlecry!
The goblin no longer looks unusually strong.
The goblin hits you with a +0 club.
* * * LOW HITPOINT WARNING * * *
The goblin no longer looks unusually strong.
Robin roars a battlecry!
The goblins go into a battle-frenzy!
The goblin no longer looks unusually strong.
The goblin attacks as you move away! The goblin closely misses you.
The goblin no longer looks unusually strong.
The goblin attacks as you move away! The goblin barely misses you.
The goblin attacks as you move away! The goblin hits you with a +0 club.
* * * LOW HITPOINT WARNING * * *
The goblin attacks as you move away! The goblin hits you with a +0 club.
You die...

#.....# #.######.#
#....# #.#......#
#....# #.#......#
#<.######.#......#
#......##.#......#
######.##.#......#
#....###....#
##.### ##.#####
#@# #.....# #g#
##.##.# #.# #.##.#
#g#######.##.#
#.g..#....##.# .#.
####g#.#####.#
....# #.#.# #.#
#.#.#
########g#.#####.#
#.#.#
#..gg.##g#.##....#


You could see 3 goblins.

Vanquished Creatures
  3 adders (D:2)
  5 dart slugs
  2 ball pythons (D:1)
  3 endoplasms
  A giant cockroach (D:2)
  8 goblins
  3 hobgoblins
  4 jackals (D:1)
  3 kobolds
  3 quokkas
  2 bats
  3 rats
40 creatures vanquished.

Notes
Turn   | Place    | Note
-------+----------+-------------------------------------------
     0 | D:1      | DenSaoPin the Merfolk Transmuter began the quest for the
                  | Orb.
     0 | D:1      | Reached XP level 1. HP: 15/15 MP: 3/3
     8 | D:1      | Found a faded altar of an unknown god.
   110 | D:1      | Reached XP level 2. HP: 21/21 MP: 3/5
   240 | D:1      | Reached skill level 4 in Unarmed Combat
   420 | D:1      | Reached XP level 3. HP: 19/26 MP: 6/6
  1074 | D:2      | Reached XP level 4. HP: 32/32 MP: 7/7
  1578 | D:3      | Noticed Robin
  1623 | D:3      | Slain by a goblin

Illustrated notes

Levels and vault maps discovered:
D:1:      dpeg_arrival_rhombi, layout_basic,
          hellmonk_ecumenical_altar_leap_of_faith
D:2:      layout_basic
D:3:      layout_rooms, serial_co_window_serial, co_window_paths_a,
          co_window_of_opportunity_a, co_window_corner_a, co_window_paths_a,
          co_window_paths_a, co_window_corner_a, co_window_corner_a,
          co_window_2corner, co_window_2corner, co_window_corner_b,
          co_window_4corner_b, co_window_4corner_a, glass_columns_b,
          glass_columns_a, uniq_robin

Skill      XL: |  1  2 |
---------------+-------+-----
Transmutations | 3 |  3.9
Unarmed Combat | 4 |  4.9
Fighting       | |  1.1
Dodging        | |  2.8
Spellcasting   | |  2.0

Action                     |  1- 3 |  4- 6 || total
---------------------------+-------+-------++-------
  Melee: Unarmed           |    67 |    24 ||    91
         Headbutt          |     6 |     1 ||     7
         Punch             |     2 |       ||     2
   Cast: Beastly Appendage |     9 |     2 ||    11
   Stab: Sleeping          |     3 |     1 ||     4
 Armour: Robe              |     9 |     5 ||    14
  Dodge: Dodged            |    31 |    19 ||    50
